 Dungeon Crawl Stone Soup version 0.29-a0-670-g5ff2a30383 (webtiles) character file.

Game seed: 13126850029965925188

18 PentaManta the Shooter (level 2, 0/14 HPs)
             Began as a Spriggan Hunter on June 24, 2022.
             Killed from afar by Sigmund (2 damage)
             ... with a magic dart
             ... on level 2 of the Dungeon.
             The game lasted 00:00:51 (665 turns).

PentaManta the Shooter (Spriggan Hunter)             Turns: 665, Time: 00:00:52

Health: 0/14       AC:  2    Str:  7    XL:     2   Next: 51%
Magic:  3/3        EV: 17    Int: 10    God:
Gold:   47         SH:  0    Dex: 18    Spells: 1/1 levels left

rFire   . . .      SeeInvis +   a - +1 shortbow
rCold   . . .      Faith    .   (shield currently unavailable)
rNeg    . . .      Spirit   .   b - +0 robe
rPois   .          Reflect  .   (helmet restricted)
rElec   .          Harm     .   (no cloak)
rCorr   .          Rampage  .   (gloves unavailable)
Will    .....                   (boots unavailable)
Stlth   ++........              (no amulet)
HPRegen 0.04/turn               (no ring)
MPRegen 0.08/turn               (no ring)

@: very quick
A: very small, no large weapons, unfitting armour, see invisible, speed 3
a: no special abilities


You were on level 2 of the Dungeon.
You visited 1 branch of the dungeon, and saw 2 of its levels.

You collected 47 gold pieces.

Inventory:

Hand Weapons
 a - a +1 shortbow (weapon)
Armour
 b - a +0 robe (worn)
Scrolls
 c - a scroll of immolation
 f - 3 scrolls of identify {unknown}
 g - a scroll of teleportation {unknown}
Potions
 d - a potion of berserk rage {unknown}
 e - a potion of heal wounds {unknown}
 h - 2 potions of brilliance {unknown}


   Skills:
 - Level 1.5 Fighting
 + Level 5.7 Bows
 - Level 2.6 Dodging
 - Level 1.5 Stealth


You had one spell level left.
You didn't know any spells.
Your spell library was empty.

Dungeon Overview and Level Annotations

Branches:
Dungeon (2/15)

Altars:

Annotations:
D:2 Sigmund


Innate Abilities, Weirdness & Mutations

You are very small and have problems with some larger weapons.
You are too small for most types of armour.
You have supernaturally acute eyesight. (SInv)
You cover ground extremely quickly. (Speed+++)


Message History

You shoot an arrow. The arrow hits Sigmund.
Sigmund is moderately wounded.
Sigmund points at you and mumbles some strange words.
You are confused.
You are too confused!
You bump into the rock wall.
Sigmund gestures at you while chanting.
You are more confused.
Unknown command.
You bump into the rock wall.
You're too confused to move!
Sigmund misses you.
Sigmund laughs darkly.
You're too confused to move!
Sigmund closely misses you.
Sigmund hits you from afar with a +0 scythe!
Ouch! That really hurt!
* * * LOW HITPOINT WARNING * * *
You feel less confused. Sigmund barely misses you.
You are too injured to fight recklessly!
Shoot: a) +1 shortbow
Press: ? - help, Q - select action Shift-Dir - straight line, f/p - Sigmund
Aim: Sigmund, wielding a +0 scythe and wearing a +2 robe (moderately wounded, 61% to hit)
You shoot an arrow. The arrow barely misses Sigmund.
Shoot: a) +1 shortbow
Press: ? - help, Q - select action Shift-Dir - straight line, f/p - Sigmund
Aim: Sigmund, wielding a +0 scythe and wearing a +2 robe (moderately wounded, 61% to hit)
You shoot an arrow. The arrow hits Sigmund.
Sigmund is moderately wounded.
Sigmund completely misses you.
Shoot: a) +1 shortbow
Press: ? - help, Q - select action Shift-Dir - straight line, f/p - Sigmund
Aim: Sigmund, wielding a +0 scythe and wearing a +2 robe (moderately wounded, 61% to hit)
You shoot an arrow. The arrow hits Sigmund.
Sigmund is heavily wounded.
Sigmund casts a spell at you. The magic dart hits you.
* * * LOW HITPOINT WARNING * * *
Sigmund gestures at you while chanting. The magic dart hits you.
You die...

############
#..........#
#....@.....#####
#..............
#.@.........##
#..........##
#..........###
#.......>....#
#.........<#$......
#..........######..
############


You could see Sigmund.

Vanquished Creatures
  An endoplasm (D:1)
  A giant cockroach (D:1)
  A goblin (D:1)
  A hobgoblin (D:1)
  4 jackals (D:1)
  2 kobolds (D:1)
  A quokka (D:1)
  3 ball pythons (D:1)
  A rat (D:1)
15 creatures vanquished.

Notes
Turn   | Place    | Note
-------+----------+-------------------------------------------
     0 | D:1      | PentaManta the Spriggan Hunter began the quest for the Orb.
     0 | D:1      | Reached XP level 1. HP: 10/10 MP: 2/2
    64 | D:1      | Reached skill level 5 in Bows
   138 | D:1      | Reached XP level 2. HP: 13/14 MP: 3/3
   634 | D:2      | Noticed Sigmund
   665 | D:2      | Killed from afar by Sigmund

Illustrated notes

Levels and vault maps discovered:
D:1:      minmay_arrival_shattered_statue, layout_basic
D:2:      layout_rooms, basic_altar, minmay_stone_trees_small,
          nrook_mini_vaults, uniq_sigmund

Skill      XL: |  1 |
---------------+----+-----
Bows           | 5 |  5.7
Fighting       | |  1.5
Dodging        | |  2.6
Stealth        | |  1.5

Action                   || total
-------------------------++-------
 Fire: Shortbow          ||    34
Dodge: Dodged            ||     9

Table legend: (Time is in decaauts)
 A = Elapsed time spent in this place.
 B = Non-inter-level travel time spent in this place.
 C = Inter-level travel time spent in this place.
 D = Time resting spent in this place.
 E = Time spent auto-exploring this place.
 F = Levels seen in this place.
 G = Mean time per level.
                   A        B        C        D        E       F      G
               +--------+--------+--------+--------+--------+-----+--------+
         Total |    432 |    423 |      9 |      0 |    341 |   2 |  216.0 |
       Dungeon |    432 |    423 |      9 |      0 |    341 |   2 |  216.0 |
               +--------+--------+--------+--------+--------+-----+--------+

Top non-repeatable levels by time:
     D:1: 406 daAuts
     D:2: 25 daAuts
